 Dungeon Crawl Stone Soup version 0.20.1-1-g8b1a95d (webtiles) character file.

93 dest the Magician (level 4, -2/24 HPs)
             Began as a Deep Elf Wizard on July 11, 2017.
             Slain by a goblin (5 damage)
             ... led by Robin
             ... on level 2 of the Dungeon.
             The game lasted 00:15:51 (3461 turns).

dest the Magician (Deep Elf Wizard)                 Turns: 3461, Time: 00:15:52

Health: -2/24      AC:  3    Str:  4    XL:     4   Next: 37%
Magic:  7/13       EV: 13    Int: 24    God:
Gold:   68         SH:  0    Dex: 13    Spells: 6/14 levels left

rFire    . . .     SeeInvis +   m - +0 dagger
rCold    . . .     Gourm    .   (no shield)
rNeg     . . .     Faith    .   a - +0 robe
rPois    .         Spirit   .   b - +1 hat
rElec    .         Reflect  .   g - scarf {repulsion}
rCorr    .         Harm     .   (no gloves)
MR       .....                  (no boots)
Stlth    ++........             (no amulet)
Regen    0.1/turn               f - ring of see invisible
MPRegen  0.2/turn               (no ring)

@: repel missiles
A: no striking features
a: no special abilities


You were on level 2 of the Dungeon.
You were not hungry.

You visited 1 branch of the dungeon, and saw 2 of its levels.

You collected 68 gold pieces.

Inventory:

Hand Weapons
 h - a cursed -2 spear
 m - a +0 dagger (weapon)
Armour
 a - a +0 robe (worn)
 b - a +1 hat (worn)
 g - a scarf of repulsion (worn)
Jewellery
 f - a ring of see invisible (left hand)
Scrolls
 s - 2 scrolls of enchant armour
Potions
 e - a potion of heal wounds {unknown}
 i - a potion of invisibility {unknown}
 j - a potion of magic {unknown}
 l - 2 potions of curing {unknown}
 n - a potion of ambrosia {unknown}
 q - a potion of might {unknown}
Books
 c - a book of Minor Magic

   Spells                             Type                      Level
   a - Magic Dart                     Conjuration                  1
   b - Blink                          Translocation                2
   c - Call Imp                       Summoning                    2
   d - Slow                           Hexes                        2
   e - Conjure Flame                  Conjuration/Fire             3
   f - Mephitic Cloud                 Conjuration/Poison/Air       3
Comestibles
 d - 2 bread rations
 p - a royal jelly


   Skills:
 + Level 3.4 Dodging
 + Level 3.2 Stealth
 + Level 5.5 Spellcasting
 + Level 2.3 Conjurations
 - Level 1.1 Summonings
 - Level 1.1 Translocations


You had 6 spell levels left.
You knew the following spells:

 Your Spells              Type           Power        Failure   Level  Hunger
a - Magic Dart            Conj           ###.         3%          1    None
b - Blink                 Tloc           N/A          8%          2    None
c - Call Imp              Summ           ##......     8%          2    None
d - Mephitic Cloud        Conj/Pois/Air  ##......     19%         3    #......


Dungeon Overview and Level Annotations

Branches:
Dungeon (2/15)

Altars:
Ru

Annotations:
D:2 1 exclusion, Robin


Message History

Confirm with . or Enter, or press ? or * to list all spells.
Aiming: Magic Dart
Press: ? - help, Shift-Dir - straight line, f/p - Robin
Aim: Robin, wielding a dagger, wearing an animal skin and wearing a helmet (severely wounded)
The magic dart hits Robin.
Robin is severely wounded.
The goblin hits you.
* * * LOW HITPOINT WARNING * * *
Robin says, "Feeling lonely?"
Robin hits you with a dagger.
* * * LOW HITPOINT WARNING * * *
Casting: Magic Dart
Confirm with . or Enter, or press ? or * to list all spells.
Aiming: Magic Dart
Press: ? - help, Shift-Dir - straight line, f/p - Robin
Aim: Robin, wielding a dagger, wearing an animal skin and wearing a helmet (severely wounded)
The magic dart hits Robin.
Robin is almost dead.
The goblin hits you.
You die...

#.# #....).....# ..#
#.######.#.# ...# #.#
#g#.# ...# ##.## #.#.#
.#.###...#####.#.#
.#.....#.....#.#.#
s#####...###.#.#.#
######.####.#.#g#
#...........#.#@#
#.####.......ggg###
#...........).....####
#############........#
### ### ### #.)......#
#8###⌠###8####........#
............##.......(#
......................##
............##.........#


You could see Robin and 3 goblins.

Vanquished Creatures
  3 gnolls (D:2)
  3 worms (D:2)
  A dart slug (D:1)
  5 bats
  4 giant cockroaches (D:2)
  7 goblins
  10 hobgoblins
  3 jackals (D:1)
  8 kobolds
  A quokka (D:2)
  3 frilled lizards
  4 rats
52 creatures vanquished.

Notes
Turn   | Place    | Note
-------+----------+-------------------------------------------
     0 | D:1      | dest the Deep Elf Wizard began the quest for the Orb.
     0 | D:1      | Reached XP level 1. HP: 10/10 MP: 7/7
     4 | D:1      | Noticed a death yak
   422 | D:1      | Reached skill level 5 in Spellcasting
   506 | D:1      | Reached XP level 2. HP: 15/15 MP: 5/10
   548 | D:1      | Learned a level 2 spell: Blink
   551 | D:1      | Learned a level 2 spell: Call Imp
  1163 | D:1      | Reached XP level 3. HP: 19/19 MP: 5/11
  1265 | D:1      | Noticed a death yak
  1338 | D:1      | Learned a level 3 spell: Mephitic Cloud
  1442 | D:2      | Learned a level 2 spell: Call Imp
  1495 | D:2      | Noticed Robin
  2296 | D:2      | Found a sacrificial altar of Ru.
  2936 | D:2      | Reached XP level 4. HP: 24/24 MP: 7/13
  3461 | D:2      | Slain by a goblin

Skill      XL: |  1  2  3 |
---------------+----------+-----
Spellcasting   | 5 |  5.5
Dodging        | 3 |  3.4
Stealth        | 3 |  3.2
Conjurations   | 2 |  2.3
Summonings     | |  1.1
Translocations | |  1.1

Action                   |  1- 3 |  4- 6 || total
-------------------------+-------+-------++-------
Melee: Dagger            |       |     2 ||     2
 Cast: Magic Dart        |   146 |    38 ||   184
  Use: Scroll            |     7 |     1 ||     8
  Eat: Chunk             |     6 |     1 ||     7
Armor: Robe              |     5 |       ||     5
Dodge: Dodged            |    16 |    10 ||    26
       Deflected         |     2 |     1 ||     3
